 Dungeon Crawl Stone Soup version 0.28.0-43-g3370ac3207 (webtiles) character file.

Game seed: 7360074125362232384

502 MisterFreud the Fighter (level 6, -1/61 HPs)
             Began as a Minotaur Abyssal Knight on Mar 7, 2022.
             Was a Priest of Lugonu.
             Killed by divine providence
             ... invoked by an orc priest
              (12 damage)
             ... on level 4 of the Dungeon.
             The game lasted 00:03:00 (4539 turns).

MisterFreud the Fighter (Minotaur Abyssal Knight)   Turns: 4539, Time: 00:03:00

Health: -1/61      AC:  3    Str: 19    XL:     6   Next: 95%
Magic:  6/6        EV: 11    Int:  7    God:    Lugonu [***...]
Gold:   136        SH:  0    Dex: 11    Spells: 5/5 levels left

rFire   . . .      SeeInvis .   a - +1 falchion
rCold   . . .      Faith    .   (no shield)
rNeg    . . .      Spirit   .   b - +0 leather armour
rPois   .          Reflect  .   (helmet restricted)
rElec   .          Harm     .   (no cloak)
rCorr   .          Rampage  .   (no gloves)
Will    .....                   (no boots)
Stlth   +.........              (no amulet)
HPRegen 0.20/turn               (no ring)
MPRegen 0.10/turn               (no ring)

@: no status effects
A: horns 2, retaliatory headbutt
a: Renounce Religion, Depart the Abyss, Bend Space, Banish


You were on level 4 of the Dungeon.
You worshipped Lugonu.
Lugonu was most pleased with you.
You visited 1 branch of the dungeon, and saw 4 of its levels.
You visited the Abyss 1 time.

You collected 136 gold pieces.

Inventory:

Hand Weapons
 a - a +1 falchion (weapon)
Missiles
 j - 5 poisoned darts
Armour
 b - a +0 leather armour (worn)
Jewellery
 n - a +4 ring of evasion
 o - a ring of protection from fire
Scrolls
 c - a scroll of silence {unknown}
 d - 2 scrolls of immolation {unknown}
 e - 4 scrolls of fear {unknown}
 i - a scroll of enchant armour {unknown}
 k - a scroll of acquirement {unknown}
 m - a scroll of teleportation {unknown}
 p - a scroll of identify {unknown}
Potions
 f - a potion of haste {unknown}
 g - 2 potions of attraction {unknown}
 h - 2 potions of mutation {unknown}
 l - a potion of curing {unknown}


   Skills:
 - Level 8.0 Fighting
 - Level 3.0 Long Blades
 + Level 5.3 Armour
 - Level 1.1 Dodging
 - Level 1.7 Invocations


You had 5 spell levels left.
You didn't know any spells.
Your spell library was empty.

Dungeon Overview and Level Annotations

Branches:
Dungeon (4/15)
 Temple: D:4-7

Altars:
Nemelex Xobeh
Trog


Innate Abilities, Weirdness & Mutations

You have a pair of horns on your head.
You reflexively headbutt those who attack you in melee.


Message History

You hear a shout!
An orc comes into view. It is wielding a +0 falchion.
The iguana bites you.
You hear a shout!
You hit the iguana but do no damage. The iguana barely misses you.
You slash the iguana!
You headbutt the iguana, but do no damage.
The iguana is heavily wounded.
The orc priest mumbles some strange prayers to Beogh against you.
Beogh smites you! The iguana closely misses you.
You are too injured to fight recklessly!
The iguana misses you.
You hit the iguana. You punch the iguana, but do no damage.
The iguana is severely wounded.
The iguana closely misses you.
You hit the iguana.
The iguana is severely wounded.
The iguana bites you!
You closely miss the iguana.
The iguana is severely wounded.
The iguana bites you.
You slash the iguana!
You kill the iguana!
Lugonu accepts your kill.
You can now banish your foes.
You hit the orc priest but do no damage.
Your headbutt misses the orc priest. You closely miss the orc.
Your headbutt misses the orc. The orc completely misses you.
You closely miss the orc.
The orc priest invokes the aid of Beogh against you.
Beogh smites you!
* * * LOW HITPOINT WARNING * * *
The orc hits you with a +0 falchion.
* * * LOW HITPOINT WARNING * * *
You slash the orc!
You kill the orc!
Lugonu accepts your kill.
The orc priest calls down the wrath of Beogh upon you.
Beogh smites you!
You die...

# #.##.# #
#.##.# #
#.##'#####
#........# ###
#........# #..
#........# #.#
#.##.########.#
#.##........#.#
#.#########.#@#
#.# #.#)####...
#.# #..oo..oo#
###.####.# .(#
####


You could see 2 orc priests.

Vanquished Creatures
  Menkaure (D:4)
  A phantom (D:4)
  A scorpion (D:4)
  2 orc priests (D:3)
  An iguana (D:4)
  An orc wizard (D:4)
  3 adders
  2 worms (D:2)
  3 dart slugs (D:1)
  12 orcs
  7 endoplasms
  4 giant cockroaches
  8 goblins
  6 hobgoblins
  2 jackals (D:2)
  11 kobolds
  3 quokkas
  2 ball pythons
  9 bats
  6 frilled lizards
  10 rats
  A spectral goblin (D:2)
96 creatures vanquished.

Notes
Turn   | Place    | Note
-------+----------+-------------------------------------------
     0 | Abyss:1  | MisterFreud the Minotaur Abyssal Knight began the quest for
                  | the Orb.
     0 | Abyss:1  | Reached XP level 1. HP: 19/19 MP: 1/1
    18 | Abyss:1  | Found a corrupted altar of Lugonu.
    66 | Abyss:1  | Noticed a large abomination
    67 | D:1      | Escaped the Abyss
   291 | D:1      | Reached XP level 2. HP: 27/27 MP: 2/2
   299 | D:1      | Reached skill level 4 in Fighting
   311 | D:1      | Reached * piety under Lugonu
   901 | D:1      | Reached XP level 3. HP: 33/34 MP: 3/3
  1591 | D:2      | Reached skill level 5 in Fighting
  1976 | D:2      | Reached ** piety under Lugonu
  2027 | D:2      | Reached XP level 4. HP: 42/42 MP: 4/4
  2211 | D:2      | Found a faded altar of an unknown god.
  2518 | D:3      | Reached skill level 6 in Fighting
  2518 | D:3      | Found a bloodstained altar of Trog.
  3016 | D:3      | Found a sparkling altar of Nemelex Xobeh.
  3110 | D:3      | Reached XP level 5. HP: 29/51 MP: 5/5
  3361 | D:3      | Reached skill level 7 in Fighting
  3606 | D:3      | Identified the +3 leather armour "Gykon" {Rampage Str+3
                  | Int+5 Dex-2}
  3711 | D:4      | Noticed a phantom
  3717 | D:4      | Killed a phantom
  3869 | D:4      | Noticed Menkaure
  3876 | D:4      | Killed Menkaure
  3877 | D:4      | Reached skill level 8 in Fighting
  3877 | D:4      | Reached XP level 6. HP: 27/61 MP: 6/6
  4123 | D:4      | Reached *** piety under Lugonu
  4204 | D:4      | Reached skill level 5 in Armour
  4539 | D:4      | Killed from afar by an orc priest

Illustrated notes

Levels and vault maps discovered:
D:1:      dpeg_arrival_rooms_b, layout_loops_ring, st_stairs_6,
          nrook_mini_vaults, minmay_hedge_maze, serial_park_tiny_1
D:2:      layout_basic, dreamdust_ecumenical_altar_drowned_temple,
          supply_closet_lemuel, minmay_cupped
D:3:      layout_basic, trog_antimagical, nemelex_dance_club_becter,
          dk_noncrumbling_3
D:4:      layout_basic, uniq_menkaure

Skill      XL: |  1  2  3  4  5  6 |
---------------+-------------------+-----
Long Blades    | 3 |  3.0
Fighting       | 4 5 6 8 |  8.0
Armour         | 4 5 |  5.3
Dodging        | |  1.1
Invocations    | |  1.7

Action                   |  1- 3 |  4- 6 || total
-------------------------+-------+-------++-------
Melee: Falchion          |   104 |   108 ||   212
       Headbutt          |    10 |    19 ||    29
       Punch             |     1 |     3 ||     4
Invok: Depart the Abyss  |     1 |       ||     1
Armor: Leather armour    |    28 |    11 ||    39
Dodge: Dodged            |    52 |    79 ||   131
